Map: Disco Bloodbath LE

Players

LiquidMaNa (MaNa) - Winner!

  • Race: Protoss Protoss
  • League: Grandmaster
  • Spawn Location: 3:00

SortOf

  • Race: Zerg Zerg
  • League: Master
  • Spawn Location: 9:00

Event: HomeStory Cup XX

VOD

Have the link to the VOD?

Description

Time

  • Played on: Nov. 21, 2019, 11 a.m.
  • Length: 10:04

All games in this series

Show
View Real Time Build Order
Export as new Build Order

LiquidMaNa Protoss - Winner!

Build Orders: 1 Gate Expand, Phoenix Opening, Archon Immortal 

Get SALT Encoding   

  12  0:00  Probe  
  13  0:12  Probe  
  14  0:17  Pylon  
  14  0:24  Probe  
  15  0:32  Probe  
  15  0:39  Gateway  
  15  0:40  Probe  
  16  0:47  Assimilator  
  17  0:51  Probe  
  18  0:59  Probe  
  19  1:07  Probe  
  20  1:23  Nexus  
  20  1:32  Cybernetics Core  
  20  1:35  Probe  
  21  1:42  Assimilator  
  21  1:47  Probe  
  21  1:49  Pylon  
  22  1:58  Stalker  
  22  1:59  Probe  
  23  2:11  Probe  
  26  2:16  Stargate  
  26  2:23  Probe  
  26  2:25  Warp Gate  
  26  2:29  Adept  
  29  2:35  Probe x2  
  31  2:47  Probe x2  
  31  2:51  Phoenix  
  33  2:59  Adept, Probe x2  
  33  3:04  Pylon  
  39  3:11  Probe x2  
  41  3:15  Gateway  
  41  3:19  Phoenix  
  43  3:23  Probe  
  43  3:24  Probe  
  45  3:28  Assimilator  
  45  3:39  Stargate  
  45  3:42  Probe x2  
  47  3:51  Assimilator  
  47  3:54  Probe  
  48  3:56  Phoenix  
  48  3:59  Probe  
  49  4:06  Probe  
  50  4:11  Probe  
  51  4:17  Adept  
  51  4:19  Pylon  
  53  4:34  Nexus  
  53  4:35  Pylon, Probe  
  53  4:37  Probe, Phoenix x2  
  59  4:44  Robotics Facility  
  59  4:53  Gateway  
  59  4:56  Sentry x2  
  59  4:58  Probe x2  
  65  5:02  Shield Battery  
  65  5:03  Phoenix  
  67  5:08  Pylon  
  67  5:12  Pylon  
  67  5:16  Phoenix  
  69  5:21  Probe  
  69  5:25  Robotics Facility  
  69  5:26  Observer  
  69  5:27  Probe  
  71  5:31  Zealot x2  
  76  5:36  Probe x2  
  76  5:38  Pylon  
  78  5:44  Immortal, Probe x2  
  78  5:47  Probe  
  81  5:53  Probe  
  81  5:55  Probe  
  86  5:59  Probe  
  84  6:06  Probe, Zealot  
  84  6:07  Probe  
  87  6:14  Immortal  
  87  6:15  Probe  
  87  6:18  Assimilator, Probe  
  93  6:20  Sentry x2  
  93  6:24  Probe  
  98  6:27  Sentry, Probe  
  98  6:30  Probe  
  98  6:31  Warp Prism  
  104  6:40  Forge  
  104  6:44  Twilight Council  
  104  6:47  Probe x2  
  104  6:50  Assimilator  
  104  6:52  Protoss Ground Weapons Level 1  
  106  6:57  Probe  
  105  7:01  Probe x2  
  107  7:08  Gateway  
  107  7:09  Probe, Gateway  
  107  7:11  Charge  
  107  7:12  Gateway  
  107  7:13  Probe  
  107  7:14  Gateway  
  109  7:16  Pylon, Observer  
  109  7:17  Pylon  
  109  7:21  Pylon, Protoss Air Weapons Level 1  
  109  7:22  Pylon  
  109  7:28  Immortal, Templar Archives  
  109  7:29  Immortal  
  117  7:44  Zealot  
  117  7:47  Gateway  
  119  7:52  Gateway  
  119  7:55  Pylon  
  119  8:03  Probe x2  
  121  8:07  High Templar x5  
  131  8:13  Warp Prism, Nexus  
  133  8:26  Archon x2  
  133  8:28  Pylon, High Templar  
  133  8:29  Zealot  
  137  8:49  Archon, High Templar x4  
  137  8:51  Observer, Gateway  
  137  8:55  Archon x2, Photon Cannon  
  145  8:58  Zealot x4  
  145  8:59  Pylon  
  153  9:06  Pylon  
  153  9:07  Pylon  
  153  9:24  Zealot x6  
  164  9:31  Zealot x3  
  140  9:46  Zealot x7  
  140  9:52  Zealot x3  
Show
View Real Time Build Order
Export as new Build Order

SortOf Zerg 

Build Orders: Hatch First 

Get SALT Encoding   

  12  0:00  Drone  
  13  0:12  Overlord  
  13  0:17  Drone  
  14  0:30  Drone x2  
  16  0:48  Hatchery  
  15  0:51  Drone  
  15  0:54  Drone  
  17  0:58  Drone  
  18  1:09  Extractor  
  17  1:13  Spawning Pool  
  17  1:15  Drone  
  17  1:19  Drone  
  18  1:27  Drone  
  19  1:38  Drone  
  20  1:52  Overlord  
  20  2:00  Queen x2  
  24  2:02  Zergling x4  
  26  2:11  Drone x2  
  28  2:16  Metabolic Boost  
  28  2:22  Drone x2  
  30  2:35  Hatchery, Drone  
  30  2:41  Drone  
  31  2:45  Queen  
  33  2:53  Overlord  
  33  2:58  Drone x3  
  36  3:10  Overlord  
  36  3:11  Drone  
  36  3:12  Drone  
  38  3:13  Drone x2  
  40  3:20  Queen  
  40  3:22  Drone x2  
  44  3:30  Zergling x2, Roach Warren  
  44  3:34  Drone  
  44  3:36  Lair  
  44  3:39  Drone  
  44  3:40  Drone  
  47  3:43  Overlord  
  47  3:47  Spore Crawler  
  46  3:49  Drone x2  
  46  3:55  Drone x3  
  51  3:56  Drone  
  51  4:01  Spore Crawler  
  51  4:03  Spore Crawler  
  51  4:04  Drone  
  51  4:09  Overlord  
  51  4:10  Drone x2  
  51  4:13  Overlord  
  53  4:24  Overlord  
  53  4:27  Queen, Overlord  
  53  4:31  Zergling x6  
  58  4:35  Drone x5  
  58  4:38  Spore Crawler  
  62  4:39  Drone  
  63  4:46  Queen x2  
  63  4:48  Drone  
  63  4:51  Drone x2  
  70  4:56  Overlord  
  70  4:57  Drone x3  
  70  4:59  Extractor  
  72  5:00  Extractor x2  
  72  5:01  Drone x2  
  72  5:03  Overlord  
  72  5:09  Drone x2  
  72  5:12  Overlord  
  74  5:15  Overlord  
  74  5:18  Evolution Chamber x2  
  74  5:19  Spore Crawler  
  71  5:21  Drone x3  
  71  5:22  Drone  
  71  5:27  Drone x2  
  77  5:30  Glial Reconstitution  
  77  5:33  Drone x2  
  77  5:34  Extractor  
  78  5:38  Drone  
  78  5:39  Drone x2  
  80  5:47  Overlord  
  82  5:50  Roach x4  
  82  5:53  Overlord  
  82  5:54  Drone  
  89  5:57  Roach x4  
  93  6:06  Overlord x2  
  93  6:07  Drone x2  
  93  6:09  Zerg Melee Weapons Level 1  
  93  6:11  Zerg Ground Armor Level 1, Drone  
  89  6:14  Spore Crawler  
  89  6:18  Drone  
  89  6:19  Drone x2  
  89  6:22  Extractor  
  89  6:23  Drone x5  
  96  6:28  Baneling Nest  
  96  6:32  Infestation Pit, Drone x2  
  96  6:35  Drone  
  96  6:36  Drone  
  98  6:44  Zergling x6  
  101  6:47  Ravager x2  
  101  6:48  Ravager x2  
  101  6:52  Zergling x16  
  113  6:59  Ravager  
  113  7:01  Overlord  
  112  7:13  Drone  
  112  7:14  Centrifical Hooks  
  112  7:17  Queen  
  112  7:18  Hatchery  
  112  7:20  Baneling x9  
  112  7:22  Zergling x16  
  121  7:27  Drone x2  
  123  7:31  Spore Crawler  
  123  7:34  Overlord x4  
  122  7:41  Overlord  
  122  7:45  Overlord  
  122  7:47  Overlord  
  122  7:56  Drone x4  
  122  7:58  Zergling x14  
  133  8:00  Overseer, Hive  
  133  8:11  Roach x3  
  139  8:19  Baneling x12  
  135  8:26  Drone x10  
  144  8:29  Ravager x3  
  144  8:31  Baneling x3  
  144  8:32  Baneling x5  
  144  8:34  Spore Crawler  
  144  8:51  Zergling x12  
  150  9:00  Overlord  
  150  9:01  Drone x3  
  153  9:03  Extractor  
  152  9:10  Hatchery  
  152  9:13  Baneling x6  
  152  9:14  Baneling x3  
  152  9:15  Zergling x12  
  157  9:21  Spire  
  157  9:22  Zergling x6  
  157  9:27  Zergling x12  
  161  9:38  Zergling x6  
  152  9:41  Zergling x14  
  152  9:42  Zergling x6  
Tags
 
Add a new tag
Caveats
  • Supply blocks, unpowered buildings, or Contaminate may cause inaccurate times.
  • Supply counts are checked every 10 seconds.